Map: [ESL] Hecate

Players

BabyMarine

  • Race: Terran Terran
  • Spawn Location: 7:00

Spirit (souL) - Winner!

  • Race: Terran Terran
  • League: Master
  • Spawn Location: 1:00

Event: HomeStory Cup XXIV

VOD

Have the link to the VOD?

Description

Time

  • Played on: Dec. 2, 2023, 10:03 a.m.
  • Length: 24:19

All games in this series

Show
View Real Time Build Order
Export as new Build Order

BabyMarine Terran 

Build Orders:  

Get SALT Encoding   

  12  0:00  SCV  
  13  0:12  SCV  
  14  0:16  Supply Depot  
  14  0:24  SCV  
  15  0:38  SCV  
  15  0:40  Barracks  
  16  0:43  Refinery  
  16  0:50  SCV  
  16  0:55  Refinery  
  17  1:02  SCV  
  18  1:14  SCV  
  19  1:27  Orbital Command, Reaper  
  19  1:32  Supply Depot  
  20  1:43  Factory  
  20  1:52  SCV  
  21  1:59  Reaper  
  21  2:04  SCV  
  22  2:16  SCV  
  23  2:24  Command Center  
  23  2:29  Hellion  
  25  2:32  SCV  
  26  2:38  Barracks Reactor  
  26  2:43  Starport  
  26  2:46  SCV  
  27  2:58  Factory Tech Lab  
  27  2:59  SCV  
  28  3:09  Supply Depot  
  28  3:12  SCV  
  29  3:24  SCV  
  29  3:27  Marine  
  30  3:30  Siege Tank  
  30  3:31  Viking  
  36  3:38  Viking  
  36  3:39  SCV  
  38  3:44  Orbital Command, Marine  
  39  3:56  SCV  
  39  4:01  Viking  
  42  4:06  Marine, Refinery  
  45  4:12  SCV x2  
  45  4:14  Siege Tank  
  45  4:15  Supply Depot  
  48  4:24  SCV x2  
  48  4:27  Viking  
  52  4:38  SCV x2, Supply Depot  
  54  4:39  Viking  
  56  4:50  SCV  
  57  4:58  Siege Tank  
  57  4:59  Command Center  
  60  5:02  SCV  
  60  5:03  SCV  
  62  5:09  Viking  
  64  5:14  SCV  
  64  5:18  SCV  
  65  5:25  Viking  
  67  5:33  SCV  
  65  5:37  Siege Tank  
  65  5:38  Barracks Tech Lab  
  65  5:40  SCV  
  65  5:41  Barracks  
  65  5:42  Barracks  
  69  5:45  SCV  
  68  5:52  SCV  
  67  5:57  SCV  
  67  6:02  Viking  
  66  6:04  SCV  
  66  6:05  Stimpack  
  66  6:06  Viking  
  66  6:09  SCV  
  70  6:12  Barracks  
  70  6:13  Barracks  
  70  6:16  Refinery  
  70  6:17  Orbital Command  
  70  6:20  SCV  
  70  6:24  Siege Tank  
  70  6:25  SCV  
  75  6:34  Barracks Reactor  
  75  6:35  SCV  
  76  6:41  SCV  
  77  6:49  Marine x3  
  77  6:51  Starport Reactor  
  77  6:52  Engineering Bay  
  77  6:54  SCV x2, Engineering Bay  
  80  7:03  Marine x2  
  80  7:07  SCV, Marine x2  
  85  7:09  SCV, Marine  
  85  7:14  Marine x2  
  85  7:15  Siege Tank, Supply Depot  
  90  7:16  Supply Depot  
  90  7:28  Barracks Reactor x2  
  90  7:30  Terran Infantry Weapons Level 1, Terran Infantry Armor Level 1, Marine x3  
  90  7:34  Marine x2, Medivac x2  
  90  7:36  SCV x2  
  101  7:48  SCV, Marine x2  
  101  7:49  SCV  
  101  7:50  Marine  
  101  7:51  Siege Tank  
  109  7:52  Marine  
  109  7:59  Marine  
  109  8:03  Supply Depot  
  109  8:04  Supply Depot  
  110  8:05  Marine  
  110  8:06  Marine x5  
  110  8:11  Orbital Command  
  110  8:12  SCV  
  117  8:22  Armory  
  117  8:24  Supply Depot x2  
  117  8:25  SCV, Marine x2  
  117  8:26  Marine  
  121  8:28  Marine  
  121  8:30  Marine  
  121  8:33  Marine x2  
  125  8:40  SCV  
  125  8:41  SCV x2  
  128  8:45  Medivac  
  128  8:47  Sensor Tower  
  130  8:48  Marine, Medivac  
  130  8:50  Marine  
  134  8:56  Marine x3  
  134  8:58  Marine  
  134  9:00  Combat Shield  
  138  9:03  SCV x3  
  141  9:15  Medivac  
  141  9:16  Marine x2  
  145  9:19  SCV  
  145  9:20  SCV  
  145  9:24  Marine x2  
  142  9:27  Marine x4  
  142  9:28  Siege Tank, Marine  
  142  9:30  Viking  
  138  9:34  Command Center, Marine  
  138  9:38  Factory  
  139  9:40  Refinery  
  139  9:42  Missile Turret x2, Refinery  
  139  9:44  Marine x5  
  144  9:52  Marine  
  138  9:53  Marine x2  
  138  9:54  Marine  
  134  10:00  Siege Tank  
  134  10:01  Marine  
  136  10:08  Viking x2  
  136  10:10  Marine x2  
  136  10:11  Marine x3  
  136  10:14  Terran Infantry Weapons Level 2  
  147  10:15  Terran Infantry Armor Level 2  
  147  10:16  Supply Depot x2  
  143  10:25  Marine x2  
  143  10:27  Marine x2  
  143  10:28  Marine  
  144  10:40  Marine x2  
  144  10:41  Marine x2  
  139  10:44  Marine x2  
  139  10:47  Marine  
  139  10:48  Siege Tank, Marine  
  126  10:58  Marine x2  
  126  10:59  Marine  
  128  11:04  Barracks Reactor  
  128  11:05  Terran Vehicle Weapons Level 1  
  128  11:08  Medivac x2  
  128  11:10  Marine x2  
  128  11:11  Marine x3  
  136  11:13  Sensor Tower  
  136  11:14  Siege Tank  
  136  11:16  Missile Turret  
  136  11:17  Missile Turret  
  140  11:20  Siege Tank, Marine x2  
  140  11:25  Planetary Fortress  
  145  11:26  SCV x3  
  147  11:36  Marine x6  
  147  11:38  Viking  
  155  11:48  Marine x3  
  155  11:49  Siege Tank  
  161  11:57  Viking, Siege Tank  
  161  11:59  SCV x3  
  168  12:02  Refinery  
  168  12:03  Refinery  
  168  12:09  SCV  
  168  12:11  SCV  
  168  12:14  Missile Turret  
  168  12:15  Command Center, Missile Turret  
  169  12:31  Sensor Tower  
  169  12:35  Viking x2  
  169  12:36  Siege Tank x2  
  169  12:37  Marine x2  
  169  12:38  Marine x6  
  169  12:39  Marine x2  
  179  12:51  Terran Infantry Weapons Level 3, Missile Turret x2  
  179  12:59  Terran Infantry Armor Level 3, Marine  
  180  13:15  Starport  
  180  13:16  Starport  
  180  13:21  Marine x3  
  180  13:26  Marine x3  
  183  13:27  Supply Depot x2  
  183  13:39  Viking x2  
  187  13:50  SCV  
  187  13:51  SCV x2  
  182  13:56  SCV  
  182  13:59  Marine x2  
  182  14:02  SCV  
  184  14:05  SCV  
  184  14:07  Starport Reactor, SCV  
  184  14:08  Starport Reactor  
  184  14:09  Viking x2  
  182  14:11  Marine x3  
  182  14:17  SCV  
  176  14:19  Siege Tank x2  
  176  14:22  SCV  
  174  14:26  Marine  
  174  14:27  Marine  
  174  14:30  Marine x3  
  174  14:31  Marine x2  
  170  14:37  Marine x3  
  169  14:49  Marine x2  
  169  14:52  Siege Tank x2, Marine x5  
  178  14:55  Marine  
  178  14:57  Marine x2  
  181  15:07  Marine x2  
  181  15:09  Marine x2  
  181  15:11  Terran Vehicle Weapons Level 2  
  181  15:13  Marine  
  168  15:33  Marine  
  168  15:34  Marine x3  
  168  15:35  Marine  
  175  15:41  Marine x5  
  175  15:48  Medivac x3  
  176  15:51  Marine x2  
  176  15:52  Marine x2  
  176  15:57  Marine  
  174  16:00  Siege Tank x2, Marine x5  
  183  16:07  Orbital Command  
  183  16:09  Marine x3  
  183  16:20  Marine x5  
  183  16:21  Orbital Command  
  183  16:23  Medivac x2  
  186  16:35  Marine x5  
  186  16:36  Siege Tank  
  186  16:38  Marine x2  
  196  16:44  Marine x2  
  174  17:02  Marine  
  174  17:04  Marine  
  174  17:05  Marine x4  
  172  17:16  Siege Tank x2, Marine x3  
  181  17:28  Marine  
  181  17:31  Marine  
  169  17:38  Marine x4  
  169  17:42  Marine x4  
  149  17:45  Marine  
  149  17:51  Marine  
  146  17:55  Marine  
  146  17:56  Marine  
  149  18:00  Marine x2  
  149  18:03  Marine x2  
  149  18:04  Marine x3  
  150  18:05  Siege Tank x2  
  150  18:09  Marine  
  157  18:13  Marine x2  
  157  18:18  Marine  
  159  18:22  Viking  
  159  18:25  Marine x6  
  159  18:27  Marine  
  166  18:31  Marine x2  
  166  18:33  Refinery  
  166  18:34  Refinery  
  169  18:35  Starport Tech Lab, SCV x2  
  169  18:36  Sensor Tower  
  169  18:37  Starport Tech Lab  
  169  18:39  Orbital Command  
  171  18:48  SCV  
  159  18:49  Marine x2  
  159  18:50  Marine x2  
  159  18:53  Marine x2  
  159  18:55  Marine x2  
  137  18:56  Marine x2  
  137  18:57  Siege Tank x2  
  143  19:06  Medivac x2  
  143  19:07  Marine x2  
  143  19:08  Raven x2, Marine  
  151  19:16  Marine x5  
  141  19:24  SCV x2  
  141  19:25  Marine x2, SCV  
  143  19:31  Marine x2  
  143  19:36  SCV x2, Marine x3  
  150  19:40  SCV  
  150  19:42  Marine x2  
  147  19:50  Marine x2  
  146  19:54  Marine x4  
  146  19:56  Marine  
  142  20:00  Marine  
  142  20:04  Raven x2  
  142  20:06  SCV x2  
  135  20:07  Marine  
  135  20:09  Marine  
  133  20:24  Marine x2  
  135  20:35  Marine  
  125  20:37  Marine  
  125  20:38  Marine x2  
  125  20:39  Raven  
  125  20:40  Marine  
  121  20:50  Marine x2  
  121  20:54  Raven  
  121  20:55  Marine x3  
  121  20:56  Marine  
  129  21:11  Marine x4  
  127  21:12  Marine x2  
  127  21:13  Marine  
  127  21:17  Siege Tank, Marine  
  137  21:19  Interference Matrix  
  137  21:24  Raven  
  139  21:27  SCV  
  139  21:28  Marine x2  
  142  21:34  Siege Tank  
  142  21:36  Marine  
  142  21:37  Marine  
  142  21:48  Marine  
  142  21:49  Marine  
  142  21:50  Marine  
  134  21:57  SCV  
  134  22:00  Marine x2  
  122  22:04  Marine x2  
  109  22:19  Marine  
  109  22:20  Marine x3  
  109  22:21  Marine x2  
  109  22:22  Marine  
  115  22:23  Marine  
  115  22:24  Marine  
  108  22:40  Raven  
  108  22:41  Marine x2  
Show
View Real Time Build Order
Export as new Build Order

Spirit Terran - Winner!

Build Orders: Cyclone Opening 

Get SALT Encoding   

  12  0:00  SCV  
  13  0:12  SCV  
  14  0:17  Supply Depot  
  14  0:24  SCV  
  15  0:38  SCV  
  15  0:40  Barracks  
  16  0:44  Refinery  
  16  0:50  SCV  
  17  1:02  SCV  
  18  1:15  SCV  
  19  1:26  Marine  
  19  1:27  Orbital Command  
  20  1:43  Command Center  
  20  1:46  Reaper  
  21  1:52  SCV  
  22  1:58  Supply Depot  
  22  2:04  SCV  
  23  2:10  Factory  
  23  2:19  Marine  
  23  2:20  SCV  
  25  2:24  Bunker  
  25  2:29  Refinery  
  25  2:32  SCV  
  26  2:37  Marine  
  28  2:44  SCV  
  28  2:56  Cyclone, SCV  
  31  2:58  Starport  
  31  3:01  Orbital Command  
  31  3:08  Refinery  
  31  3:10  SCV  
  31  3:11  Barracks Reactor  
  32  3:22  SCV  
  32  3:24  Supply Depot  
  32  3:27  SCV  
  34  3:32  Cyclone  
  36  3:34  SCV  
  36  3:36  Starport Tech Lab  
  36  3:39  SCV  
  38  3:46  SCV  
  39  3:49  Marine x2  
  39  3:51  SCV  
  42  3:56  Raven  
  42  3:58  SCV  
  45  4:03  SCV, Supply Depot  
  45  4:04  Factory Tech Lab  
  45  4:07  Marine  
  45  4:08  Marine  
  48  4:10  SCV  
  48  4:11  Interference Matrix  
  48  4:15  SCV  
  50  4:18  Command Center  
  50  4:22  SCV  
  51  4:26  Siege Tank  
  51  4:27  SCV  
  55  4:32  Marine  
  55  4:33  Supply Depot  
  55  4:34  SCV  
  55  4:38  Marine  
  58  4:39  SCV  
  58  4:41  Raven  
  61  4:47  SCV  
  62  4:53  Supply Depot  
  62  4:54  Marine  
  62  4:55  SCV, Supply Depot  
  62  4:58  Siege Tank  
  62  4:59  SCV  
  68  5:02  Marine  
  69  5:07  SCV  
  69  5:08  Supply Depot  
  69  5:09  Supply Depot  
  70  5:16  SCV  
  70  5:19  SCV  
  72  5:21  Raven  
  72  5:23  Marine x2  
  76  5:28  SCV  
  76  5:30  SCV  
  76  5:31  SCV  
  76  5:33  Siege Tank  
  82  5:40  SCV  
  85  5:43  SCV  
  85  5:48  Orbital Command  
  80  5:53  SCV  
  80  5:55  SCV  
  75  6:05  SCV  
  75  6:07  SCV  
  75  6:08  Viking  
  75  6:09  Viking  
  75  6:11  Orbital Command  
  81  6:13  Refinery  
  81  6:17  SCV  
  82  6:19  SCV  
  82  6:24  Stimpack, Marine  
  84  6:26  Barracks x2  
  84  6:29  SCV  
  84  6:31  SCV  
  84  6:32  Supply Depot  
  86  6:39  Siege Tank, Engineering Bay x2  
  89  6:41  SCV  
  89  6:43  SCV  
  89  6:46  Viking, SCV  
  92  6:52  Marine  
  92  6:53  SCV  
  94  6:55  SCV  
  94  6:58  SCV  
  94  7:05  SCV  
  94  7:07  SCV  
  94  7:09  Viking  
  94  7:10  SCV  
  94  7:11  Siege Tank  
  100  7:17  SCV  
  100  7:19  Terran Infantry Weapons Level 1, SCV  
  100  7:22  SCV  
  104  7:24  Barracks Reactor, Supply Depot  
  104  7:25  Supply Depot  
  104  7:29  Barracks Reactor, SCV  
  104  7:32  Terran Infantry Armor Level 1, SCV  
  104  7:34  SCV  
  104  7:36  Refinery  
  106  7:37  Refinery  
  106  7:41  SCV  
  106  7:44  SCV  
  108  7:45  Viking  
  108  7:46  SCV  
  110  7:51  Supply Depot x2  
  110  7:53  SCV  
  110  7:55  Siege Tank  
  110  7:56  SCV  
  110  7:57  Marine  
  115  7:58  SCV  
  115  8:00  Marine x2  
  118  8:06  SCV  
  118  8:08  Combat Shield  
  118  8:10  SCV  
  120  8:13  Sensor Tower, Marine x2  
  120  8:15  Marine  
  120  8:18  Marine x2  
  124  8:21  Supply Depot  
  124  8:22  Supply Depot  
  123  8:27  Barracks  
  123  8:29  Barracks, Medivac  
  123  8:31  Medivac, Marine x2  
  123  8:32  SCV  
  123  8:33  Bunker, Marine  
  131  8:35  Command Center  
  131  8:38  SCV  
  131  8:41  Marine  
  133  8:42  Armory  
  133  8:44  Siege Tank  
  133  8:46  Marine, SCV  
  138  8:49  Marine  
  138  8:52  Marine  
  138  8:53  SCV  
  141  8:55  Missile Turret  
  141  9:01  Medivac x2  
  141  9:02  Missile Turret  
  145  9:03  Missile Turret, Marine x2  
  145  9:04  Supply Depot  
  145  9:05  Missile Turret  
  145  9:08  Marine x2  
  148  9:10  Marine  
  148  9:17  Marine x2  
  148  9:21  Marine x2  
  141  9:25  Marine  
  141  9:26  Marine  
  141  9:28  Marine  
  139  9:31  Medivac x2  
  139  9:36  Barracks Reactor  
  139  9:37  Terran Infantry Weapons Level 2, Terran Infantry Armor Level 2  
  143  9:38  Marine  
  143  9:39  Marine  
  143  9:43  Marine x2  
  143  9:45  Barracks Reactor, Siege Tank  
  150  9:46  Marine  
  149  9:56  Marine x2  
  151  10:01  Viking x2, Marine x2  
  151  10:03  Marine  
  151  10:04  Terran Vehicle Weapons Level 1  
  151  10:05  Supply Depot  
  151  10:06  SCV  
  159  10:07  Supply Depot  
  159  10:10  SCV  
  160  10:14  Marine x2  
  160  10:17  Siege Tank  
  160  10:19  Marine x2  
  160  10:21  Marine  
  160  10:24  Marine  
  160  10:25  Marine  
  160  10:26  Marine x2  
  160  10:32  Marine x2  
  162  10:37  Marine x2  
  162  10:39  Marine  
  162  10:41  Marine  
  146  10:43  SCV, Marine x2  
  146  10:44  SCV, Marine  
  146  10:47  SCV  
  146  10:49  Viking, Siege Tank  
  148  10:50  Viking, Marine x2  
  148  10:54  Marine  
  148  10:55  SCV, Marine  
  156  10:57  Marine  
  156  10:59  Marine  
  156  11:00  Marine  
  156  11:01  Marine  
  156  11:02  Marine  
  162  11:07  Marine  
  162  11:08  Command Center, SCV, Marine  
  163  11:12  Marine x2  
  163  11:15  Marine  
  163  11:17  Marine  
  163  11:18  Marine, SCV x2  
  169  11:19  Marine  
  169  11:20  Marine  
  169  11:22  Viking x2, Supply Depot  
  169  11:25  Marine x2, Supply Depot  
  176  11:26  SCV  
  176  11:30  Marine x2  
  181  11:32  Supply Depot  
  181  11:43  Siege Tank, SCV, Marine x3  
  181  11:44  Factory  
  181  11:45  SCV  
  186  11:55  Terran Infantry Armor Level 3, Terran Infantry Weapons Level 3  
  185  12:05  Marine x6  
  191  12:16  Command Center  
  191  12:21  Viking x2  
  189  12:51  Viking x2, Planetary Fortress, SCV, Starport  
  189  12:52  SCV x2, Starport  
  196  12:59  Terran Vehicle Weapons Level 2  
  196  13:03  Factory Tech Lab, Armory  
  196  13:04  SCV x3  
  199  13:08  Refinery  
  199  13:16  Sensor Tower, SCV  
  197  13:21  Viking  
  199  13:30  Starport Reactor  
  199  13:31  Starport Reactor  
  199  13:37  Refinery  
  199  13:38  Command Center  
  199  13:43  Command Center  
  189  13:52  Viking x2  
  189  13:55  Marine  
  183  13:56  Siege Tank  
  183  13:59  Marine  
  183  14:07  Marine  
  183  14:09  Marine  
  184  14:13  Viking  
  180  14:22  Viking x3  
  182  14:29  Siege Tank  
  182  14:30  Viking  
  177  14:38  Siege Tank  
  171  14:39  Planetary Fortress, Fusion Core  
  171  14:40  SCV  
  171  14:41  SCV  
  171  14:43  Viking  
  175  14:52  Viking x2  
  175  14:53  Liberator x2  
  175  14:56  SCV  
  178  15:00  Viking  
  178  15:03  Siege Tank  
  183  15:08  Missile Turret  
  183  15:10  Terran Vehicle And Ship Armor Level 1  
  183  15:11  Hi-Sec Auto Tracking, Neosteel Armor  
  183  15:13  Viking, Siege Tank  
  187  15:17  Sensor Tower, Marine, Refinery  
  187  15:18  Refinery  
  188  15:23  Marine x4  
  191  15:34  Liberator  
  191  15:35  Liberator x2  
  200  15:36  Sensor Tower, Advanced Ballistics  
  200  15:41  Marine  
  200  15:45  Marine  
  199  15:54  Marine x4  
  190  16:00  Orbital Command  
  190  16:02  Planetary Fortress, Command Center  
  190  16:04  Marine x3  
  190  16:07  Marine x2  
  195  16:12  Marine  
  195  16:16  Liberator  
  199  16:28  Marine  
  200  16:38  Missile Turret x2  
  200  16:44  Siege Tank, Marine x3  
  200  16:50  Marine  
  200  16:53  Marine  
  200  16:54  Marine x2  
  200  16:58  Marine x2  
  191  17:02  Marine x3  
  191  17:07  Marine  
  194  17:12  Marine x2  
  192  17:16  Marine  
  192  17:19  Barracks x2  
  192  17:20  Barracks, Marine x3  
  195  17:23  Factory  
  191  17:30  Marine x2  
  191  17:33  SCV  
  191  17:34  Marine  
  188  17:37  Marine, SCV  
  188  17:38  Marine x2  
  188  17:44  SCV  
  188  17:45  SCV  
  188  17:48  Marine x2  
  191  17:54  SCV  
  190  17:59  SCV  
  190  18:02  Barracks  
  190  18:03  Marine x2  
  190  18:05  Barracks, Marine x2  
  192  18:06  SCV  
  192  18:08  Factory Tech Lab, Marine x5  
  192  18:09  SCV  
  200  18:19  Sensor Tower  
  194  18:53  Marine  
  194  18:54  Siege Tank, Marine x3  
  194  18:55  Marine x8  
  186  18:57  Marine  
  187  19:03  Refinery  
  187  19:04  Refinery  
  187  19:11  Marine  
  187  19:12  Marine  
  187  19:13  Marine  
  187  19:14  Marine x6  
  187  19:15  Marine  
  197  19:18  Starport  
  197  19:19  Starport  
  197  19:20  Marine  
  197  19:22  Starport  
  197  19:23  Marine x2  
  195  19:32  Marine  
  196  19:39  Marine x4  
  200  19:51  Marine  
  197  19:57  SCV  
  197  19:58  SCV x2  
  197  20:15  Siege Tank  
  197  20:21  Terran Ship Weapons Level 1, Terran Vehicle And Ship Armor Level 2  
  199  20:22  Sensor Tower, Missile Turret, Marine  
  199  20:23  Marine x2  
  198  20:32  Marine x3  
  190  20:36  Marine  
  190  20:37  Marine  
  190  20:40  Marine  
  190  20:42  Marine x2  
  195  20:47  Siege Tank  
  183  20:53  Marine x5  
  183  20:54  Marine x2  
  184  20:58  Marine  
  184  20:59  Marine  
  184  21:00  Marine  
  184  21:02  Starport Reactor x3  
  187  21:11  Marine x4  
  187  21:15  Marine  
  186  21:19  Siege Tank, Command Center  
  186  21:22  Marine  
  189  21:35  Marine  
  189  21:39  Marine  
  189  21:40  Marine x4  
  197  21:51  Siege Tank  
  177  22:03  Marine  
  177  22:04  Marine x6  
  177  22:05  Marine x3  
  177  22:06  SCV  
  177  22:07  Medivac x2  
  189  22:09  SCV  
  189  22:11  Starport  
  189  22:12  Starport  
  190  22:21  Marine  
  190  22:22  Marine x6  
  196  22:23  Siege Tank  
  196  22:29  Sensor Tower  
  199  22:44  Sensor Tower  
  199  22:51  Refinery  
  199  22:57  Marine  
  189  23:05  Marine  
  189  23:08  Marine x7  
  199  23:13  Marine  
  199  23:16  Factory  
  199  23:18  Factory  
  196  23:20  Liberator  
  196  23:21  Starport  
  196  23:25  Marine x2  
  196  23:26  Marine x2  
  193  23:50  Marine x10  
  200  23:58  Starport Reactor  
Tags
 
Add a new tag
Caveats
  • Supply blocks, unpowered buildings, or Contaminate may cause inaccurate times.
  • Supply counts are checked every 10 seconds.